 Dungeon Crawl Stone Soup version 0.23.0 (webtiles) character file.

Game seed: 11269707949221301338

3572 MalarOregon the Zephyrmancer (level 10, -1/63 HPs)
             Began as a Merfolk Summoner on Feb 14, 2019.
             Was an Initiate of Gozag.
             Slain by a spiny frog (20 damage)
             ... on level 1 of the Lair of Beasts.
             The game lasted 00:42:04 (14926 turns).

MalarOregon the Zephyrmancer (Merfolk Summoner)    Turns: 14926, Time: 00:42:05

Health: -1/63      AC: 11    Str: 19    XL:     10   Next: 9%
Magic:  10/16      EV: 13    Int: 17    God:    Gozag
Gold:   758        SH:  0    Dex: 19    Spells: 5/17 levels left

rFire    . . .     SeeInvis .   B - +8 whip of Instant Death {slash, Dex+5}
rCold    + + .     Gourm    .   (no shield)
rNeg     + . .     Faith    .   u - +1 leather armour {rC+}
rPois    .         Spirit   .   w - +2 hat
rElec    +         Reflect  .   (no cloak)
rCorr    .         Harm     .   (no gloves)
MR       .....                  (no boots)
Stlth    ++........             (no amulet)
HPRegen  0.60/turn              F - ring of Nyun Roq {+Fly rN+ Str+7 Slay-2}
MPRegen  0.15/turn              s - +4 ring of protection

@: no status effects
A: change form in water, swift swim, stealthy swim, cold resistance 1,
regeneration 1, shaggy fur 1, electricity resistance, strong 1, MP-powered wands
a: Potion Petition, Call Merchant, Bribe Branch, Renounce Religion, Evoke Flight


You were on level 1 of the Lair of Beasts.
You worshipped Gozag.
Gozag was pleased with you.
You were very hungry.

You visited 3 branches of the dungeon, and saw 12 of its levels.
You also visited: Sewer.

You collected 868 gold pieces.
You paid 110 gold pieces to Gozag.

Inventory:

Hand Weapons
 B - the +8 whip of Instant Death (weapon) {slash, Dex+5}
   (You found it on level 7 of the Dungeon)

   It inflicts extra damage upon your enemies.
   It affects your dexterity (+5).
Missiles
 j - 3 throwing nets (quivered) {!f}
 p - 6 poisoned tomahawks
Armour
 k - a +1 scale mail of fire resistance
   (You took it off an orc on level 4 of the Dungeon)
 u - a +1 leather armour of cold resistance (worn)
   (You took it off Eustachio on level 5 of the Dungeon)
 w - a +2 hat (worn)
   (You found it on level 5 of the Dungeon)
 E - the cursed +0 robe "Goesseu" {rN++ Int-3}
   (You took it off an orc on level 9 of the Dungeon)

   It affects your intelligence (-3).
   It greatly protects you from negative energy.
   It has a curse placed upon it.
Jewellery
 m - an uncursed ring of resist corrosion
   (You found it on level 4 of the Dungeon)
 o - an uncursed ring of protection from cold
   (You found it on level 8 of the Dungeon)
 s - a +4 ring of protection (right hand)
   (You took it off an orc on level 5 of the Dungeon)
 F - the ring of Nyun Roq (left hand) {+Fly rN+ Str+7 Slay-2}
   (You found it on level 9 of the Dungeon)

   [ring of flight]

   It affects your strength (+7).
   It affects your accuracy and damage with ranged weapons and melee attacks
   (-2).
   It protects you from negative energy.
   It lets you fly.
Wands
 t - a wand of flame (41)
   (You found it on level 6 of the Dungeon)
 v - a wand of digging (3)
   (You found it on level 5 of the Dungeon)
Scrolls
 f - 6 scrolls of identify {@r1}
 g - 2 scrolls of summoning
 l - a scroll of blinking
 n - a scroll of enchant armour
 q - 6 scrolls of fog
 r - 6 scrolls of magic mapping
 x - 3 scrolls of immolation {!r}
 A - a scroll of teleportation {@r4}
 C - 2 scrolls of remove curse {unknown}
Potions
 a - a potion of cancellation
 b - a potion of invisibility {unknown}
 c - a potion of magic {unknown}
 d - a potion of haste {unknown}
 h - 3 potions of heal wounds {@q2}
 i - 3 potions of curing {@q1}
 y - 3 potions of berserk rage {unknown}
 z - 2 potions of brilliance
 D - a potion of ambrosia
Comestibles
 e - 16 rations {!d}


   Skills:
 + Level 5.1 Armour
 - Level 2.6 Dodging
 - Level 2.1 Stealth
 - Level 4.2 Spellcasting
 - Level 7.3 Summonings
 * Level 8.2 Air Magic


You had 5 spell levels left.
You knew the following spells:

 Your Spells              Type           Power        Failure   Level  Hunger
a - Summon Small Mammal   Summ           ####         1%          1    None
f - Mephitic Cloud        Conj/Pois/Air  ##......     17%         3    ###....
p - Swiftness             Chrm/Air       ###.....     4%          2    ##.....
x - Call Imp              Summ           ####....     1%          2    ##.....
z - Summon Lightning Spi  Summ/Air       ####....     7%          4    ####...

Your spell library contained the following spells:

 Spells                   Type           Power        Failure   Level  Hunger
 Call Canine Familiar     Summ           ####....     2%          3    ###....
 Summon Guardian Golem    Hex/Summ       ###.....     12%         3    ###....
 Apportation              Tloc           #.....       19%         1    None
 Corona                   Hex            #......      19%         1    None
 Ensorcelled Hibernation  Hex/Ice        #.....       26%         2    ##.....
 Summon Ice Beast         Ice/Summ       ###.....     36%         4    ####...
 Confuse                  Hex            #.......     47%         3    ###....
 Dazzling Spray           Conj/Hex       #.....       47%         3    ###....
 Tukima's Dance           Hex            #.......     47%         3    ###....
 Passage of Golubria      Tloc           N/A          87%         4    ####...


Dungeon Overview and Level Annotations

Branches:
Dungeon (10/15)            Temple (1/1) D:6            Lair (1/6) D:9
    Orc (0/2) D:9

Altars:
Ashenzari
Cheibriados
Dithmenos
Elyvilon
Fedhas
Gozag
Hepliaklqana
Kikubaaqudgha
Makhleb
Nemelex Xobeh
Okawaru
Qazlal
Ru
Sif Muna
Trog
Uskayaw
Vehumet
Wu Jian
Xom
Yredelemnul
Zin
The Shining One

Annotations:
D:7 2 transporters, grocchini's ghost, novice HOFi


Innate Abilities, Weirdness & Mutations

You revert to your normal form in water You are very nimble and swift while swimming.
You are very stealthy in the water. (Stealth+)
Your flesh is cold resistant. (rC+)
Your natural rate of healing is unusually fast.
You are covered in fur. (AC +1)
You are resistant to electric shocks. (rElec)
Your muscles are strong. (Str +2)
You expend magic power (3 MP) to strengthen your wands.


Message History

You open the door.
A spiny frog comes into view.
Found 23 gold pieces.
A shadowy apparition takes form in the air.
The spiny frog croaks.
The spiny frog barely misses your shadow imp.
A basilisk comes into view.
The spiny frog stings your shadow imp! The basilisk gazes at you.
You are slowing down.
Your shadow imp hits the spiny frog.
You are feeling very hungry.
The spiny frog stings your shadow imp!!
Your shadow imp dies!
Your limbs are stiffening.
A beastly little devil appears in a puff of frigid air.
The basilisk barely misses your white imp.
You have turned to stone.
Your white imp hits the spiny frog.
Your white imp freezes the spiny frog.
The basilisk bites your white imp. The spiny frog stings you.
The spiny frog completely misses you.
Your white imp hits the basilisk.
Your white imp freezes the basilisk.
The basilisk seems to slow down.
The basilisk bites your white imp!
Your white imp dies!
The spiny frog stings you but does no damage.
The spiny frog stings you!! The spiny frog stings you.
The spiny frog stings you!!
The basilisk is no longer moving slowly.
The spiny frog stings you! The spiny frog stings you.
The spiny frog stings you. The spiny frog stings you!
You turn to flesh and can move again.
Unknown command.
Unknown command.
Unknown command.
Unknown command.
A beastly little devil appears in a puff of frigid air.
The spiny frog stings you.
* * * LOW HITPOINT WARNING * * *
Your white imp gestures at the spiny frog.
The puff of frost hits the spiny frog.
Unknown command.
Your white imp barely misses the spiny frog.
The spiny frog stings you!
* * * LOW HITPOINT WARNING * * *
A beastly little devil appears in a puff of frigid air.
The basilisk bites your white imp! The spiny frog stings you!!
You die...
Your body crumbles into a pile of gold.

... ..# ## $
.P $.. .
..#...# .#.#.
... ###'#
#.#l# ###.F5#
#.5@###
#P+.#.###
#...<...#
#..........#
#........##.#
#..+.......#
.#
..##.......#
## #.####+#.
## ##


You could see a spiny frog, a basilisk and 2 friendly white imps.

Vanquished Creatures
  Eustachio (D:5)
  An orc warrior (D:9)
  2 ice beasts
  A phantom (D:4)
  A black bear (D:8)
  A centaur (D:6)
  A big kobold (D:8)
  3 bullfrogs
  2 scorpions
  A jelly (D:8)
  3 killer bees (D:8)
  3 howler monkeys
  6 crimson imps
  A bullfrog skeleton (D:5)
  3 orc priests
  2 orc wizards
  A centaur skeleton (D:7)
  Natasha (twice) (D:4)
  An iguana (D:5)
  3 worker ants
  A hound skeleton (D:6)
  A worker ant zombie (D:5)
  A howler monkey zombie (D:8)
  A gnoll (D:4)
  10 adders
  2 river rats (Sewer)
  A shadow imp (D:5)
  An adder zombie (D:8)
  3 adder skeletons
  7 leopard geckos
  30 orcs
  9 bats
  7 giant cockroaches
  3 goblins (D:2)
  8 hobgoblins
  14 jackals
  3 kobolds
  4 quokkas
  9 ball pythons
  6 frilled lizards
  A giant cockroach zombie (D:6)
  2 quokka skeletons
  17 rats
180 creatures vanquished.

Vanquished Creatures (collateral kills)
  A two-headed ogre (D:8)
  A komodo dragon (D:9)
  Edmund (D:4)
  A water moccasin (D:3)
  6 orc warriors
  An ice beast (D:7)
  A black bear (D:6)
  A centaur (D:5)
  3 ogres
  A bullfrog (D:6)
  2 killer bees (D:8)
  A howler monkey (D:7)
  An electric eel (D:9)
  5 orc priests
  An iguana (D:4)
  2 worker ants
  Natasha (D:4)
  A worker ant zombie (D:5)
  7 adders
  7 gnolls
  2 river rats (Sewer)
  An ooze (Sewer)
  A worm (D:2)
  A leopard gecko (D:2)
  6 orcs
  4 ball pythons (Sewer)
  2 bats
  2 goblins
  2 hobgoblins (D:1)
  10 jackals
  A quokka (D:4)
  3 frilled lizards
  3 kobolds (D:1)
  A leopard gecko skeleton (D:4)
  14 rats
  A plant (D:9)
99 creatures vanquished.

Vanquished Creatures (others)
  3 plants (D:9)
3 creatures vanquished.

Grand Total: 282 creatures vanquished

Notes
Turn   | Place    | Note
-------+----------+-------------------------------------------
     0 | D:1      | MalarOregon the Merfolk Summoner began the quest for the
                  | Orb.
     0 | D:1      | Reached XP level 1. HP: 13/13 MP: 3/3
   457 | D:1      | Reached XP level 2. HP: 16/19 MP: 5/5
   925 | D:1      | Reached XP level 3. HP: 16/24 MP: 3/6
  1772 | D:2      | Learned a level 2 spell: Call Imp
  1969 | D:2      | Reached skill level 5 in Summonings
  2306 | D:2      | Reached XP level 4. HP: 16/30 MP: 1/8
  3188 | D:3      | Reached XP level 5. HP: 18/35 MP: 3/9
  4031 | D:3      | Noticed a water moccasin
  4041 | D:3      | Killed a water moccasin
  4295 | D:4      | Noticed Natasha
  4306 | D:4      | Killed Natasha
  4306 | D:4      | Reached XP level 6. HP: 25/41 MP: 8/11
  4345 | D:4      | Noticed Natasha
  4354 | D:4      | Killed Natasha
  4361 | D:4      | Noticed Natasha
  4375 | D:4      | Killed Natasha
  4389 | D:4      | Found a glowing drain.
  4398 | Sewer    | Entered a sewer
  5324 | Sewer    | Gained mutation: You are covered in fur. (AC +1) [potion of
                  | mutation]
  5324 | Sewer    | Gained mutation: Your system is resistant to poisons.
                  | (rPois) [potion of mutation]
  5324 | Sewer    | Gained mutation: Your body sometimes deteriorates upon
                  | taking damage. [potion of mutation]
  5324 | Sewer    | Gained mutation: Your flesh is cold resistant. (rC+)
                  | [potion of mutation]
  5586 | Sewer    | Learned a level 4 spell: Summon Lightning Spire
  5897 | Sewer    | Reached XP level 7. HP: 35/46 MP: 13/13
  6288 | D:4      | Reached skill level 1 in Air Magic
  6929 | D:4      | Noticed Edmund
  6995 | D:4      | Killed Edmund
  6995 | D:4      | Reached skill level 1 in Armour
  6995 | D:4      | Reached skill level 2 in Air Magic
  7327 | D:5      | Entered Level 5 of the Dungeon
  7574 | D:5      | You fall through a shaft for 3 floors!
  7578 | D:8      | Noticed a two-headed ogre
  7924 | D:7      | Found a transporter.
  7927 | D:7      | Found a transporter.
  7980 | D:6      | Reached XP level 8. HP: 52/52 MP: 14/14
  7988 | D:6      | Reached skill level 3 in Air Magic
  8583 | D:5      | Noticed Eustachio
  8680 | D:5      | Killed Eustachio
  8680 | D:5      | Reached skill level 4 in Air Magic
  8934 | D:5      | Identified the Reference Book on Spatial Feathers
  8940 | D:5      | Learned a level 3 spell: Mephitic Cloud
  8943 | D:5      | Learned a level 2 spell: Swiftness
 10779 | D:6      | Reached skill level 5 in Air Magic
 11269 | D:6      | Reached XP level 9. HP: 54/57 MP: 15/15
 11281 | D:6      | Found a staircase to the Ecumenical Temple.
 11313 | D:6      | Found a shadowy altar of Dithmenos.
 11364 | Temple   | Entered the Ecumenical Temple
 11476 | Temple   | Became a worshipper of Gozag Ym Sagoz the Greedy
 11936 | D:7      | Got a brightly glowing whip
 11937 | D:7      | Identified the +8 whip of Instant Death {slash, Dex+5} (You
                  | found it on level 7 of the Dungeon)
 12030 | D:7      | Noticed grocchini's ghost (novice HOFi)
 12407 | D:7      | Reached skill level 6 in Air Magic
 12623 | D:7      | Lost mutation: Your body sometimes deteriorates upon taking
                  | damage. [potion of mutation]
 12623 | D:7      | Lost mutation: Your system is resistant to poisons. (rPois)
                  | [potion of mutation]
 12623 | D:7      | Gained mutation: Your muscles are strong. (Str +2) [potion
                  | of mutation]
 12623 | D:7      | Gained mutation: You expend magic power (3 MP) to
                  | strengthen your wands. [potion of mutation]
 12623 | D:7      | Gained mutation: You are resistant to electric shocks.
                  | (rElec) [potion of mutation]
 12623 | D:7      | Gained mutation: Your natural rate of healing is unusually
                  | fast. [potion of mutation]
 13104 | D:8      | Killed a two-headed ogre
 13104 | D:8      | Reached skill level 7 in Air Magic
 13607 | D:9      | Found a white marble altar of Elyvilon.
 13713 | D:9      | HP: 2/57 [orc priest/divine providence (14)]
 13767 | D:9      | Found a staircase to the Lair.
 13768 | D:9      | Noticed a komodo dragon
 13802 | D:9      | Killed a komodo dragon
 14211 | D:9      | Identified the cursed +0 robe "Goesseu" {rN++ Int-3}
 14225 | D:9      | Got a crude marble ring
 14227 | D:9      | Identified the ring of Nyun Roq {+Fly rN+ Str+7 Slay-2}
                  | (You found it on level 9 of the Dungeon)
 14469 | D:9      | Reached XP level 10. HP: 60/63 MP: 2/16
 14469 | D:9      | Reached skill level 5 in Armour
 14469 | D:9      | Reached skill level 8 in Air Magic
 14519 | D:9      | Found a staircase to the Orcish Mines.
 14631 | D:10     | Entered Level 10 of the Dungeon
 14903 | Lair:1   | Entered Level 1 of the Lair of Beasts
 14908 | Lair:1   | Noticed a spiny frog
 14926 | Lair:1   | Slain by a spiny frog

Skill      XL: |  1  2  3  4  5  6  7  8  9 10 |
---------------+-------------------------------+-----
Summonings     | 5 6 7 |  7.3
Spellcasting   | 3 4 |  4.2
Air Magic      | 2 5 7 8 |  8.2
Armour         | 1 3 4 5 |  5.1
Dodging        | |  2.6
Stealth        | |  2.1

Action                   |  1- 3 |  4- 6 |  7- 9 | 10-12 || total
-------------------------+-------+-------+-------+-------++-------
Melee: Short sword       |    88 |       |       |       ||    88
       Unarmed           |     4 |       |       |       ||     4
       Spear             |    51 |   224 |   490 |       ||   765
       Tailslap          |       |     4 |     2 |       ||     6
       Whip              |       |       |   123 |    23 ||   146
Throw: Throwing net      |       |       |     1 |       ||     1
 Cast: Summon Small Mamm |    30 |     2 |     1 |       ||    33
       Call Imp          |     8 |    54 |    95 |    16 ||   173
       Summon Lightning  |       |     1 |    13 |     1 ||    15
Evoke: Wand              |       |       |     1 |       ||     1
  Use: Potion            |       |    11 |     2 |       ||    13
       Scroll            |       |     3 |     9 |       ||    12
 Stab: Sleeping          |     6 |     1 |     2 |       ||     9
       Distracted        |       |     1 |     3 |       ||     4
  Eat: Chunk             |     5 |    15 |    11 |       ||    31
       Ration            |       |       |     7 |       ||     7
Armor: Robe              |    28 |       |       |       ||    28
       Ring mail         |       |    38 |       |       ||    38
       Scale mail        |       |    91 |   106 |       ||   197
       Leather armour    |       |       |    97 |    11 ||   108
Dodge: Dodged            |   111 |   187 |   297 |    11 ||   606
